 Dungeon Crawl Stone Soup version 0.25-a0-290-g4a1327ee3a (webtiles) character file.

Game seed: 534096266634315921, levelgen mode: deterministic

14 1312 the Slasher (level 2, 16/22 HPs)
             Began as a Demonspawn Gladiator on Dec 14, 2019.
             Quit the game on level 1 of the Dungeon.
             The game lasted 00:00:39 (102 turns).

1312 the Slasher (Demonspawn Gladiator)              Turns: 102, Time: 00:00:39

Health: 16/22      AC:  4    Str: 14    XL:     2   Next: 27%
Magic:  2/2        EV: 13    Int:  9    God:
Gold:   35         SH:  0    Dex: 16    Spells: 1/1 levels left

rFire    . . .     SeeInvis .   a - +0 long sword
rCold    . . .     Gourm    .   (no shield)
rNeg     . . .     Faith    .   b - +0 leather armour
rPois    .         Spirit   .   c - +0 helmet
rElec    .         Reflect  .   (no cloak)
rCorr    .         Harm     .   (no gloves)
MR       .....                  (no boots)
Stlth    ++........             (no amulet)
HPRegen  0.07/turn              (no ring)
MPRegen  0.08/turn              (no ring)

@: no status effects
A: thin skeletal structure 1
a: no special abilities


You were on level 1 of the Dungeon.
You were not hungry.

You visited 1 branch of the dungeon, and saw 1 of its levels.

You collected 35 gold pieces.

Inventory:

Hand Weapons
 a - a +0 long sword (weapon)
Missiles
 d - 3 throwing nets (quivered)
Armour
 b - a +0 leather armour (worn)
 c - a +0 helmet (worn)
Scrolls
 e - a scroll of magic mapping {unknown}
 i - a scroll of amnesia {unknown}
Potions
 g - a potion of agility {unknown}
 h - a potion of curing {unknown}
Comestibles
 f - a ration


   Skills:
 + Level 2.0 Fighting
 + Level 3.0 Long Blades
 + Level 1.8 Throwing
 + Level 3.0 Dodging


You had one spell level left.
You didn't know any spells.
Your spell library was empty.

Dungeon Overview and Level Annotations

Branches:
Dungeon (1/15)

Altars:


Innate Abilities, Weirdness & Mutations

You have a somewhat thin skeletal structure. (Dex +2, Stealth)


Message History

A hobgoblin comes into view.
The hobgoblin shouts!
You closely miss the gnoll.
A goblin comes into view. It is wielding a +0 dagger.
The gnoll hits you with a +0 flail.
You hit the gnoll.
The gnoll is lightly wounded.
The gnoll closely misses you.
You slash the gnoll!
The gnoll is severely wounded.
The gnoll barely misses you.
You riposte.
You hit the gnoll.
You kill the gnoll!
Your Long Blades skill increases to level 3!
Your Dodging skill increases to level 3!
You have reached level 2!
Your demonic ancestry asserts itself...
Your bones become slightly less dense.
Autopickup is now off.
Autopickup is now on.
Are you sure you want to abandon this character and quit the game? (Confirm with "yes".)

##+##.######.##.#
♣#.#.##.# ##.##.#
.....##.# ##...#.#
..♣..
#.####......##...
.♣♣#
#................
(♣P#
##†####...........
..<#
#.....##...#####...
.♣P#
#.....#########g...
.♣♣#
#.....#....@).g....
..♣
#.....#.#######....
.... #.....#.# .
♣#.#.###.###.# ## #
#.# #.# #.###.######
########............
......>......######.
.#############


You could see a hobgoblin and a goblin.

Vanquished Creatures
  A gnoll (D:1)
  A hobgoblin (D:1)
  A frilled lizard (D:1)
  3 rats (D:1)
6 creatures vanquished.

Notes
Turn   | Place    | Note
-------+----------+-------------------------------------------
     0 | D:1      | 1312 the Demonspawn Gladiator began the quest for the Orb.
     0 | D:1      | Reached XP level 1. HP: 16/16 MP: 1/1
   101 | D:1      | Gained mutation: You have a somewhat thin skeletal
                  | structure. (Dex +2, Stealth) [demonic ancestry]
   101 | D:1      | Reached XP level 2. HP: 16/22 MP: 2/2
   102 | D:1      | Quit the game

Levels and vault maps discovered:
D:1:      tarquinn_simple_flora_water_b, layout_loops_ring

Skill      XL: |  1 |
---------------+----+-----
Long Blades    | 3 |  3.0
Dodging        | 3 |  3.0
Fighting       | |  2.0
Throwing       | |  1.8

Action                   || total
-------------------------++-------
Melee: Long sword        ||    11
Armor: Leather armour    ||     3
Dodge: Dodged            ||     5
       Rpst.: Long sword ||     2

Table legend:
 A = Non-vault XP
 B = Vault XP
 C = Vault XP percentage of total XP
 D = Non-vault monster count
 E = Vault monster count
 F = Vault count percentage of total count
                 A         B        C        D         E       F
            +---------+---------+-------+---------+---------+-------
      Total |      20 |       0 |   0.0 |       6 |       0 |   0.0
            +---------+---------+-------+---------+---------+-------
        D:1 |      20 |       0 |   0.0 |       6 |       0 |   0.0
            +---------+---------+-------+---------+---------+-------
